 Dungeon Crawl Stone Soup version 0.21.1-1-g345015f (webtiles) character file.

105 chunkynut the Shield-Bearer (level 4, -1/29 HPs)
             Began as a Gargoyle Fighter on Mar 17, 2018.
             Slain by Sigmund
             ... wielding a +2 vampiric scythe
              (6 damage)
             ... on level 2 of the Dungeon.
             The game lasted 00:11:31 (1492 turns).

chunkynut the Shield-Bearer (Gargoyle Fighter)      Turns: 1492, Time: 00:11:32

Health: -1/29      AC: 15    Str: 21    XL:     4   Next: 81%
Magic:  4/4        EV:  2    Int:  8    God:
Gold:   138        SH: 14    Dex:  9    Spells: 3/3 levels left

rFire    . . .     SeeInvis .   a - +0 flail
rCold    . . .     Gourm    .   n - +0 large shield
rNeg     + . .     Faith    .   l - +0 plate armour {Loom}
rPois    ∞         Spirit   .   (no helmet)
rElec    +         Reflect  .   (no cloak)
rCorr    .         Harm     .   (no gloves)
MR       .....                  (no boots)
Stlth    ..........             (no amulet)
HPRegen  0.09/turn              (no ring)
MPRegen  0.09/turn              (no ring)

@: no status effects
A: negative energy resistance 1, electricity resistance, unbreathing,
petrification resistance, rot immunity, AC +3
a: no special abilities


You were on level 2 of the Dungeon.
You were not hungry.

You visited 1 branch of the dungeon, and saw 2 of its levels.

You collected 138 gold pieces.

Inventory:

Hand Weapons
 a - a +0 flail (weapon)
 g - a +0 dagger
 h - a +0 flail
 j - a +0 mace
 k - a +0 long sword
 p - a +0 spear
 r - a +0 hand axe
 t - a +0 hunting sling
 v - a +0 falchion
Missiles
 e - 17 arrows
 s - 42 bolts
 u - 26 sling bullets
Armour
 b - a +0 scale mail
 c - a +0 shield
 l - a +0 plate armour (worn) {Loom}
 n - a +0 large shield (worn)
Scrolls
 o - a scroll of immolation
 x - a scroll of enchant armour {unknown}
 y - a scroll of amnesia {unknown}
Potions
 d - a potion of might
 i - a potion of haste
 m - a potion of berserk rage
 q - a potion of resistance
 w - 2 potions of invisibility {unknown}
Comestibles
 f - 3 rations


   Skills:
 + Level 3.7 Fighting
 + Level 3.4 Maces & Flails
 + Level 3.6 Armour
 + Level 0.4 Dodging
 + Level 0.1 Stealth
 + Level 4.1 Shields


You had 3 spell levels left.
You didn't know any spells.

Dungeon Overview and Level Annotations

Branches:
Dungeon (2/15)

Altars:

Annotations:
D:2 Sigmund


Innate Abilities, Weirdness & Mutations

You are resistant to torment.
Your stone body is resilient. (AC +3)
You are immune to poison.
You resist negative energy. (rN+)
You are resistant to electric shocks. (rElec)
You can survive without breathing.
You are immune to petrification.
You are immune to rotting.


Message History

Sigmund laughs darkly.
Sigmund hits you with a vampiric scythe.
* * * LOW HITPOINT WARNING * * *
You sock Sigmund!
Sigmund is moderately wounded.
You hit Sigmund.
Sigmund is moderately wounded.
You block Sigmund's attack.
You hit Sigmund.
Sigmund is heavily wounded.
You block Sigmund's attack.
Your shield prevents you from hitting Sigmund.
Sigmund is heavily wounded.
You block Sigmund's attack.
You closely miss Sigmund.
Sigmund is heavily wounded.
Sigmund points at you and mumbles some strange words.
The magic dart hits you!
Sigmund hits you with a vampiric scythe.
You die...

#.......#
#.#####.#
#.#####.###
#.##.....{####
#.##.##.#.r..####
#.......#...[...#
####.####.##.##.#
#.#
#.##.##.#######
#####.#
#.##.@@.......#
#...#.#
#.#####.#####.#
#.#...# #.[.....#
#.# ##...###
#.....### ###.###
#.###.## #.....
#.....# .## ##.#
#..... #.#.#.# .#
#.#
#.....#####.#†#.#
.## ##.#
#.............#.#
#.###.##
#.#.##.####..##.#


You could see Sigmund.

Vanquished Creatures
  3 gnolls (D:2)
  2 adders (D:2)
  2 worms (D:2)
  A dart slug (D:1)
  A leopard gecko (D:2)
  4 giant cockroaches
  4 hobgoblins
  A quokka (D:2)
  2 ball pythons (D:2)
  3 bats
  6 frilled lizards
  7 goblins
  5 kobolds
  14 rats
55 creatures vanquished.

Notes
Turn   | Place    | Note
-------+----------+-------------------------------------------
     0 | D:1      | chunkynut the Gargoyle Fighter began the quest for the Orb.
     0 | D:1      | Reached XP level 1. HP: 14/14 MP: 1/1
   273 | D:1      | Reached XP level 2. HP: 19/19 MP: 2/2
   610 | D:1      | Reached XP level 3. HP: 24/24 MP: 3/3
   820 | D:2      | Noticed Sigmund
  1047 | D:2      | Reached XP level 4. HP: 12/29 MP: 4/4
  1220 | D:2      | Reached skill level 4 in Shields
  1492 | D:2      | Slain by Sigmund

Skill      XL: |  1  2  3  4 |
---------------+-------------+-----
Maces & Flails | 3 |  3.4
Shields        | 4 |  4.1
Fighting       | |  3.7
Armour         | |  3.6
Dodging        | |  0.4
Stealth        | |  0.1

Action                   |  1- 3 |  4- 6 || total
-------------------------+-------+-------++-------
Melee: Flail             |   210 |    64 ||   274
  Use: Scroll            |     9 |       ||     9
  Eat: Ration            |       |     1 ||     1
Armor: Scale mail        |    23 |       ||    23
       Plate armour      |   100 |    22 ||   122
Dodge: Dodged            |    18 |     4 ||    22
Block: Shield            |    40 |       ||    40
       Large shield      |    79 |    44 ||   123
